Map: Pylon LE

Players

Chasun

  • Race: Zerg Zerg
  • League: Diamond
  • Spawn Location: 5:00

LigerMaNN - Winner!

  • Race: Zerg Zerg
  • League: Diamond
  • Spawn Location: 11:00

VOD

Have the link to the VOD?

Description

Time

  • Played on: June 4, 2025, 10:24 p.m.
  • Length: 6:29
Show
View Real Time Build Order
Export as new Build Order

Chasun Zerg 

Build Orders: Hatch First 

Get SALT Encoding   

  12  0:00  Drone  
  13  0:07  Drone  
  13  0:14  Extractor  
  13  0:15  Drone  
  15  0:35  Hatchery  
  14  0:40  Extractor  
  14  0:41  Drone  
  15  0:47  Overlord  
  15  1:02  Spawning Pool  
  14  1:05  Drone  
  14  1:09  Drone  
  16  1:13  Drone  
  17  1:19  Drone  
  18  1:27  Extractor  
  18  1:29  Drone  
  18  1:41  Drone  
  19  1:50  Zergling x2  
  19  1:51  Zergling x2  
  21  1:57  Queen x2  
  24  2:07  Zergling x4  
  25  2:18  Zergling x4  
  22  2:32  Spine Crawler  
  18  2:47  Spine Crawler  
  15  2:53  Drone x2  
  15  2:56  Drone  
  18  3:11  Drone  
  19  3:20  Overlord  
  19  3:30  Overlord  
  19  3:39  Metabolic Boost  
  19  3:45  Drone  
  19  3:47  Drone  
  21  3:53  Drone  
  22  4:06  Drone x3  
  22  4:08  Drone  
  26  4:15  Drone x2  
  28  4:22  Zergling x4  
  30  4:24  Drone  
  30  4:29  Overlord  
  31  4:41  Zergling x8  
  35  4:46  Baneling Nest  
  35  4:50  Drone x2  
  36  4:54  Zergling x2  
  37  5:00  Zergling x6  
  37  5:04  Zergling x2  
  41  5:10  Zergling x4  
  43  5:21  Overlord  
  43  5:32  Baneling  
  43  5:33  Baneling  
  43  5:34  Baneling  
  43  5:35  Baneling  
  43  5:39  Zergling x16  
  47  6:05  Zergling x10  
Show
View Real Time Build Order
Export as new Build Order

LigerMaNN Zerg - Winner!

Build Orders: Pool First 

Get SALT Encoding   

  12  0:01  Drone  
  13  0:22  Spawning Pool  
  12  0:28  Drone  
  12  0:30  Drone  
  14  0:38  Overlord  
  14  1:09  Zergling x6  
  17  1:13  Hatchery  
  16  1:20  Zergling x2  
  17  1:30  Zergling x2  
  18  1:34  Queen  
  20  1:41  Zergling x2  
  21  1:52  Overlord  
  21  2:18  Drone  
  21  2:19  Drone  
  21  2:26  Queen  
  23  2:35  Drone x3  
  23  2:54  Drone x3  
  23  2:57  Queen  
  27  3:08  Drone, Overlord  
  27  3:09  Overlord  
  28  3:17  Evolution Chamber  
  27  3:20  Roach Warren  
  26  3:28  Evolution Chamber  
  26  3:30  Drone  
  26  3:31  Drone x3  
  29  3:42  Drone x4  
  29  3:44  Drone  
  34  3:50  Overlord  
  34  3:54  Overlord  
  34  4:03  Drone x2, Extractor  
  34  4:04  Drone  
  34  4:05  Extractor  
  34  4:06  Drone  
  34  4:08  Drone  
  37  4:10  Drone  
  38  4:20  Drone  
  38  4:21  Drone x4  
  43  4:25  Extractor  
  43  4:27  Extractor  
  43  4:28  Drone  
  43  4:31  Drone  
  43  4:48  Drone x5  
  48  4:53  Overlord x2  
  48  4:56  Lair  
  48  5:13  Drone x2  
  50  5:14  Overlord x2  
  50  5:15  Overlord x2  
  50  5:30  Roach x4  
  50  5:34  Roach x2  
  50  5:35  Roach  
  64  5:55  Roach x6  
  74  6:07  Roach x5  
  88  6:26  Roach Warren  
Tags
 
Matchup
ZvZ
Race
Zerg
Replay Pack
June 2025
Spawn Locations
Cross Positions
Add a new tag
Caveats
  • Supply blocks, unpowered buildings, or Contaminate may cause inaccurate times.
  • Supply counts are checked every 10 seconds.